 Dungeon Crawl Stone Soup version 0.28.0-49-g6dfe1f597d (webtiles) character file.

Game seed: 16347532584121949226

57 101zpm the Magician (level 4, 0/31 HPs)
             Began as a Djinni Fire Elementalist on May 15, 2022.
             Killed from afar by Ijyb (19 damage)
             ... with an iceblast
             ... on level 4 of the Dungeon.
             The game lasted 00:02:18 (1195 turns).

101zpm the Magician (Djinni Fire Elementalist)      Turns: 1195, Time: 00:02:18

Health: 0/31       AC:  2    Str:  7    XL:     4   Next: 18%
Gold:   25         EV: 12    Int: 19    God:
                   SH:  0    Dex: 13

rFire   + + .      SeeInvis .   (no weapon)
rCold   x . .      Faith    .   (no shield)
rNeg    . . .      Spirit   .   a - +0 robe
rPois   ∞          Reflect  .   (no helmet)
rElec   .          Harm     .   (no cloak)
rCorr   .          Rampage  .   (no gloves)
Will    .....                   (boots unavailable)
Stlth   ++........              (no amulet)
HPRegen 0.10/turn               (no ring)
MPRegen 0.00/turn               (no ring)

@: flying
A: sickness immunity, fire resistance 2, cold vulnerability 1, float, innate
caster, HP casting, extra vitality 1
a: no special abilities


You were on level 4 of the Dungeon.
You visited 1 branch of the dungeon, and saw 4 of its levels.

You collected 25 gold pieces.

Inventory:

Armour
 a - a +0 robe (worn)
Scrolls
 b - a scroll of teleportation {unknown}


   Skills:
 + Level 2.5 Dodging
 + Level 1.8 Stealth
 + Level 3.5 Spellcasting


You couldn't memorise any spells.
You knew the following spells:

 Your Spells              Type           Power      Damage    Failure   Level
a - Foxfire               Conj/Fire      64%        2x1d7     3%          1
b - Scorch                Fire           32%        2d6       5%          2
c - Conjure Flame         Conj/Fire      16%        6-21      11%         3
d - Inner Flame           Hex/Fire       16%        N/A       11%         3
e - Flame Wave            Conj/Fire      16%        2d6       34%         4
f - Animate Skeleton      Necr           32%        N/A       3%          1
Your spell library was empty.

Dungeon Overview and Level Annotations

Branches:
Dungeon (4/15)
 Temple: D:4-7

Altars:

Annotations:
D:4 Ijyb


Innate Abilities, Weirdness & Mutations

You are immune to sickness and miasma.
You are immune to poison.
Your flesh is very heat resistant. (rF++)
You are vulnerable to cold. (rC-)
You float through the air rather than walking.
You learn spells naturally, not from books.
Your magical power is your life essence.
You have superior vitality. (+4 MHP)


Message History

The ball python barely resists.
Casting: Inner Flame (quite dangerous; 11% risk of failure)
Confirm with . or Enter, or press ? or * to list all spells.
The spell is quite dangerous to miscast (11% risk of failure)!
Continue anyway?
Aiming: Inner Flame (quite dangerous; 11% risk of failure)
Press: ? - help, Dir - move target, f/p - ball python
Aim: a ball python (chance to affect: 84%)
The ball python is filled with an inner flame.
Casting: Foxfire (safe; 3% risk of failure)
Press: ? - help, Q - select action, (/) - cycle Dir - look around, f - activate You conjure some foxfire!
A quokka comes into view.
Casting: Foxfire (safe; 3% risk of failure)
Press: ? - help, Q - select action, (/) - cycle Dir - look around, f - activate You conjure some foxfire!
Ijyb shouts!
The foxfire hits the ball python!
The ball python explodes!
The fiery explosion engulfs your foxfire.
Your foxfire completely resists.
Casting: Foxfire (safe; 3% risk of failure)
Confirm with . or Enter, or press ? or * to list all spells.
The spell is quite dangerous to miscast (11% risk of failure)!
Continue anyway?
Aiming: Inner Flame (quite dangerous; 11% risk of failure)
Press: ? - help, Dir - move target, f - Ijyb
Aim: Ijyb, wielding a +0 dagger, wearing a +0 leather armour and carrying a wand of iceblast (6) (ally target, chance to affect: 78%) Ijyb is filled with an inner flame.
The foxfire hits the quokka.
The quokka is heavily wounded.
A dart slug comes into view.
The foxfire hits Ijyb.
Flame seeps out of Ijyb.
Ijyb is lightly wounded.
Casting: Foxfire (safe; 3% risk of failure)
Press: ? - help, Q - select action, (/) - cycle Dir - look around, f - activate You conjure some foxfire!
The foxfire hits Ijyb.
Flame seeps out of Ijyb.
Ijyb is lightly wounded.
Ijyb is engulfed in blazing flames.
Flame seeps out of Ijyb.
Ijyb zaps a wand.
The mass of ice explodes!
The iceblast engulfs you!!
You feel a painful chill!
Ouch! That really hurt!
You die...

.#########
.........#
..§§§....
.r§§§....
#§§...##
#....v§###
#...@§§.#
####v§.§.#
..§§§....
#..#§##...
#.#..# ..
#. .g. .
#. . .# #.
..#.


You could see Ijyb (inner flame) and a quokka (ally target).

Vanquished Creatures
  A hound (D:2)
  A dart slug (D:2)
  2 ball pythons
  3 bats
  4 endoplasms
  2 giant cockroaches
  2 goblins
  2 quokkas (D:1)
  A frilled lizard (D:1)
  3 kobolds
  A rat (D:3)
22 creatures vanquished.

Vanquished Creatures (others)
  86 foxfires
86 creatures vanquished.

Grand Total: 108 creatures vanquished

Notes
Turn   | Place    | Note
-------+----------+-------------------------------------------
     0 | D:1      | 101zpm the Djinni Fire Elementalist began the quest for the
                  | Orb.
     0 | D:1      | Reached XP level 1. HP: 15/15 MP: 0/0
   246 | D:1      | Reached XP level 2. HP: 13/21 MP: 0/0
   722 | D:2      | Reached skill level 3 in Spellcasting
   722 | D:2      | Reached XP level 3. HP: 12/25 MP: 0/0
   722 | D:2      | Learned a level 1 spell: Animate Skeleton
   958 | D:2      | Reached XP level 4. HP: 26/31 MP: 0/0
  1189 | D:4      | Noticed Ijyb
  1195 | D:4      | Killed from afar by Ijyb

Illustrated notes

Levels and vault maps discovered:
D:1:      matt_arrival_los_fun, layout_loops_cross,
          ebering_ecumenical_altar_sacrificial
D:2:      layout_loops_ring, serial_shops, nicolae_shop_bloodbath_and_beyond,
          shop, st_stairs_11, grunt_ministairs_5, minmay_fractal_squares_5,
          uniq_terence
D:3:      cheibrodos_greedy_goblins, layout_loops_ring, ebering_ghost_sewer_f,
          hangedman_decor_points
D:4:      layout_rooms, amcnicky_altar_gilded, nemelex_altar_shiori,
          temple_statues, hangedman_abyss_or_decor_lesser_grid, uniq_ijyb,
          uniq_edmund

Skill      XL: |  1  2 |
---------------+-------+-----
Spellcasting   | 3 |  3.5
Dodging        | |  2.5
Stealth        | |  1.8

Action                   |  1- 3 |  4- 6 || total
-------------------------+-------+-------++-------
 Cast: Foxfire           |    52 |     6 ||    58
       Scorch            |     1 |     4 ||     5
       Inner Flame       |       |     3 ||     3
Armor: Robe              |     2 |       ||     2
Dodge: Dodged            |     4 |       ||     4
